 Dungeon Crawl Stone Soup version 0.19.3-4-gbf9329e (webtiles) character file.

58 sveltemanboy the Conjurer (level 4, 0/24 HPs)
             Began as a Tengu Conjurer on Jan 29, 2017.
             Succumbed to an adder's poison
             ... on level 2 of the Dungeon.
             The game lasted 00:06:11 (1655 turns).

sveltemanboy the Conjurer (Tengu Conjurer)          Turns: 1655, Time: 00:06:12

Health: 0/24       AC:  3    Str: 13    XL:     4   Next: 1%
Magic:  0/8        EV: 12    Int: 22    God:
Gold:   50         SH:  0    Dex: 14    Spells: 2 memorised, 4 levels left

rFire  + . .     SeeInvis .     (no weapon)
rCold  x . .     Gourm    .     l - +0 leather armour
rNeg   . . .     Faith    .     (no shield)
rPois  .         Spirit   .     (helmet restricted)
rElec  .         Reflect  .     (no cloak)
rCorr  .         Harm     .     (no gloves)
MR     .....                    (boots unavailable)
Stlth  ++........               (no amulet)
                                k - ring of fire
                                e - +5 ring of strength

@: brilliant, lethally poisoned (0 -> -4)
A: beak, talons 3
a: no special abilities


You were on level 2 of the Dungeon.
You were hungry.

You visited 1 branch of the dungeon, and saw 2 of its levels.

You collected 50 gold pieces.

Inventory:

Armour
 l - a +0 leather armour (worn)
Jewellery
 e - a +5 ring of strength (left hand)
 k - a ring of fire (right hand)
Scrolls
 d - a scroll of blinking {unknown}
 g - a scroll of amnesia {unknown}
 i - 3 scrolls of identify {unknown}
 j - 2 scrolls of enchant weapon {unknown}
 o - a scroll of remove curse {unknown}
 p - a scroll of enchant armour {unknown}
Potions
 a - a potion of mutation {unknown}
 f - a potion of curing {unknown}
 m - a potion of brilliance
 n - a potion of lignification {unknown}
 q - a potion of haste {unknown}
Books
 b - a book of Conjurations

   Spells                             Type                      Level
   a - Magic Dart                     Conjuration                  1
   b - Searing Ray                    Conjuration                  2
   c - Dazzling Spray                 Conjuration/Hexes            3
   d - Fulminant Prism                Conjuration/Hexes            4
   e - Iskenderun's Mystic Blast      Conjuration                  4
   f - Iskenderun's Battlesphere      Conjuration/Charms           5
Comestibles
 c - a bread ration
 h - 3 fruits


   Skills:
 + Level 1.2 Armour
 - Level 2.1 Dodging
 - Level 2.0 Stealth
 - Level 2.0 Spellcasting
 * Level 6.9 Conjurations


You had 4 spell levels left.
You knew the following spells:

 Your Spells              Type           Power        Failure   Level  Hunger
a - Magic Dart            Conj           ####         1%          1    #......
b - Searing Ray           Conj           #####.       1%          2    ##.....


Dungeon Overview and Level Annotations

Branches:
Dungeon (2/15)

Altars:
Ru


Innate Abilities, Weirdness & Mutations

You have a beak for a mouth.
You have claws for feet.


Message History

Your peck misses the adder.
The adder is heavily wounded.
* * * LOW HITPOINT WARNING * * *
You feel sick. The adder misses you.
You closely miss the adder.
The adder is heavily wounded.
The adder closely misses you.
Casting: Searing Ray
Confirm with . or Enter, or press ? or * to list all spells.
Aiming: Magic Dart
Press: ? - help, Shift-Dir - straight line, f/p - adder
Aim: an adder (heavily wounded)
The magic dart hits the adder.
You kill the adder!
Your Armour skill increases to level 1!
You have reached level 4!
You feel clever.
It was a potion of brilliance.
You feel clever all of a sudden.
You die...

.......#####......#.##
...#...........#.....#
.######.....######.#.#
...#..#.....#..#...#.#
...#..#.###.#..#..##.#
......'(.#..+......#..
.....#########.....##+##
......'._#..'...........
#..#..#.###.#..#@.......
#..#..#.....#..#........
#######.....######.###..
...#...........# .#
#......#####..... #
########.# .###.. #.# .#
# ###.###.# #.......#


There were no monsters in sight!

Vanquished Creatures
  3 adders (D:2)
  A leopard gecko (D:1)
  2 ball pythons (D:1)
  7 bats
  3 goblins
  3 hobgoblins
  4 jackals (D:1)
  2 kobolds
  A quokka (D:2)
  2 frilled lizards (D:1)
  A rat (D:1)
29 creatures vanquished.

Notes
Turn   | Place    | Note
-------+----------+-------------------------------------------
     0 | D:1      | sveltemanboy the Tengu Conjurer began the quest for the Orb.
     0 | D:1      | Reached XP level 1. HP: 10/10 MP: 4/4
   208 | D:1      | Reached XP level 2. HP: 15/15 MP: 3/6
   240 | D:1      | Learned a level 2 spell: Searing Ray
   319 | D:1      | Reached skill level 6 in Conjurations
  1092 | D:1      | Reached XP level 3. HP: 19/19 MP: 4/7
  1619 | D:2      | Found a sacrificial altar of Ru.
  1654 | D:2      | Reached skill level 1 in Armour
  1654 | D:2      | Reached XP level 4. HP: 1/24 MP: 0/8
  1655 | D:2      | Succumbed to an adder's poison

Skill      XL: |  1  2  3 |
---------------+----------+-----
Conjurations   | 6 |  6.9
Armour         | 1 |  1.2
Dodging        | |  2.1
Stealth        | |  2.0
Spellcasting   | |  2.0

Action                   |  1- 3 |  4- 6 || total
-------------------------+-------+-------++-------
Melee: Unarmed           |     4 |       ||     4
       Kick              |     1 |       ||     1
 Cast: Magic Dart        |    60 |     1 ||    61
       Searing Ray       |     4 |       ||     4
  Use: Potion            |       |     1 ||     1
  Eat: Chunk             |     3 |       ||     3
Armor: Leather armour    |     1 |       ||     1
Dodge: Dodged            |     6 |       ||     6
